| TOP OF THE 1ST |
|
Niagara Falls Rapids batting - Pitching for Geneva Red Legs : LHP Joaquin Torres
|
|
Pitching: LHP Joaquin Torres
|
|
|
Batting: RHB Jeff Schaefer
|
0-0: Ball 1-0: Called Strike 1-1: Ball 2-1: Ball 3-1: Called Strike 3-2: Strikes out looking
|
|
Batting: RHB Milo Choate
|
0-0: Foul Ball, location: 2F 0-1: Called Strike 0-2: Foul Ball, location: 2F 0-2: Ball 1-2: Foul Ball, location: 2F 1-2: Strikes out swinging
|
|
Batting: SHB Cecil Espy
|
0-0: Called Strike 0-1: SINGLE (Groundball, 5S, EV 64.4 MPH) (infield hit)
|
|
Batting: LHB Pat Hodge
|
0-0: Ball 1-0: Foul Ball, location: 2F 1-1: Foul Ball, location: 2F 1-2: Foul Ball, location: 2F 1-2: Fielders Choice at 2nd, 6-4 (Groundball, 6, EV 80.6 MPH)
|
| Top of the 1st over - 0 runs, 1 hit, 0 errors, 1 left on base; Niagara Falls 0 - Geneva 0 |
| BOTTOM OF THE 1ST |
|
Geneva Red Legs batting - Pitching for Niagara Falls Rapids : RHP Gary Bowers
|
|
Pitching: RHP Gary Bowers
|
|
|
Batting: RHB Bob Brower
|
0-0: Ground out 1-3 (Groundball, 15S, EV 63.1 MPH)
|
|
Batting: LHB Orsino Hill
|
0-0: Ball 1-0: SINGLE (Groundball, 56D, EV 95.0 MPH)
|
|
Batting: LHB Mike Kingery
|
0-0: Called Strike Orsino Hill steals 2nd base 0-1: SINGLE (Flyball, 8LS, EV 90.0 MPH) Orsino Hill to third Runner from 3rd tries for Home, throw by CF and OUT! 8-2 Mike Kingery to second
|
|
Batting: RHB Dave Keller
|
0-0: Ball 1-0: Called Strike 1-1: Foul Ball, location: 2F 1-2: Ball 2-2: DOUBLE (Line Drive, 9LM, EV 90.0 MPH) Mike Kingery scores
|
|
Batting: SHB Juan Castillo
|
0-0: Called Strike 0-1: Ball 1-1: Ball 2-1: Foul Ball, location: 2F 2-2: Foul Ball, location: 2F 2-2: Foul Ball, location: 2F 2-2: Foul Ball, location: 2F 2-2: SINGLE (Groundball, 6D, EV 100.0 MPH) Dave Keller to third Runner from 3rd tries for Home, SAFE, throw by CF to home
|
|
Batting: RHB Victor Mendoza
|
0-0: Ball 1-0: Foul Ball, location: 2F 1-1: Ball 2-1: Foul Ball, location: 2F 2-2: Ground out 5-3 (Groundball, 56S, EV 67.5 MPH)
|
| Bottom of the 1st over - 2 runs, 4 hits, 0 errors, 1 left on base; Niagara Falls 0 - Geneva 2 |
| TOP OF THE 2ND |
|
Niagara Falls Rapids batting - Pitching for Geneva Red Legs : LHP Joaquin Torres
|
|
Batting: RHB Luis Hidalgo
|
0-0: Ball 1-0: Foul Ball, location: 2F 1-1: SINGLE (Groundball, 34D, EV 96.3 MPH)
|
|
Batting: LHB Joe Vavra
|
0-0: Swinging Strike Luis Hidalgo is caught stealing 2nd base 2-6 0-1: Ball 1-1: Ball 2-1: Ground out 3-1 (Groundball, 34, EV 105.0 MPH)
|
|
Batting: RHB Ronald Hunt
|
0-0: Called Strike 0-1: Ball 1-1: Ball 2-1: Ball 3-1: Foul Ball, location: 2F 3-2: Strikes out looking
|
| Top of the 2nd over - 0 runs, 1 hit, 0 errors, 0 left on base; Niagara Falls 0 - Geneva 2 |
| BOTTOM OF THE 2ND |
|
Geneva Red Legs batting - Pitching for Niagara Falls Rapids : RHP Gary Bowers
|
|
Batting: RHB Ricky Velasquez
|
0-0: Ball 1-0: Foul Ball, location: 2F 1-1: Ball 2-1: Foul Ball, location: 2F 2-2: Foul Ball, location: 2F 2-2: Ball 3-2: Strikes out swinging
|
|
Batting: LHB Juan Araujo
|
0-0: Ball 1-0: Called Strike 1-1: Fly out, F8 (Flyball, 8RD, EV 89.4 MPH)
|
|
Batting: RHB Danny Reyes
|
0-0: Ball 1-0: Called Strike 1-1: Foul Ball, location: 2F 1-2: Reached on error, E6 (Groundball, 6, EV 90.6 MPH)
|
|
Batting: RHB Bob Brower
|
0-0: Called Strike Danny Reyes steals 2nd base 0-1: Swinging Strike 0-2: Ball 1-2: Strikes out looking
|
| Bottom of the 2nd over - 0 runs, 0 hits, 1 error, 1 left on base; Niagara Falls 0 - Geneva 2 |
| TOP OF THE 3RD |
|
Niagara Falls Rapids batting - Pitching for Geneva Red Legs : LHP Joaquin Torres
|
|
Batting: RHB Frank DeSantis
|
0-0: Ball 1-0: Swinging Strike 1-1: Fly out, F8 (Line Drive, 8RM, EV 86.9 MPH)
|
|
Batting: LHB Michael Jones
|
0-0: Called Strike 0-1: Ball 1-1: Foul Ball, location: 2F 1-2: Ball 2-2: Fly out, F2 (Popup, 25F, EV 75.6 MPH)
|
|
Batting: RHB Jeff Schaefer
|
0-0: Ball 1-0: Foul Ball, location: 2F 1-1: Ball 2-1: Ball 3-1: Foul Ball, location: 2F 3-2: Foul Ball, location: 2F 3-2: SINGLE (Flyball, 6D, EV 85.0 MPH)
|
|
Batting: RHB Milo Choate
|
0-0: Ball 1-0: Called Strike 1-1: Ball 2-1: Ball 3-1: Base on Balls Jeff Schaefer to second
|
|
Batting: SHB Cecil Espy
|
0-0: Called Strike 0-1: Ball 1-1: Called Strike 1-2: Strikes out swinging
|
| Top of the 3rd over - 0 runs, 1 hit, 0 errors, 2 left on base; Niagara Falls 0 - Geneva 2 |
| BOTTOM OF THE 3RD |
|
Geneva Red Legs batting - Pitching for Niagara Falls Rapids : RHP Gary Bowers
|
|
Batting: LHB Orsino Hill
|
0-0: Fly out, F7 (Line Drive, 7, EV 88.1 MPH)
|
|
Batting: LHB Mike Kingery
|
0-0: Ball 1-0: Called Strike 1-1: Ball 2-1: Ball 3-1: Foul Ball, location: 2F 3-2: Base on Balls
|
|
Batting: RHB Dave Keller
|
0-0: Ball 1-0: Called Strike 1-1: Fly out, F7 (Flyball, 7LS, EV 89.4 MPH)
|
|
Batting: SHB Juan Castillo
|
0-0: Ball 1-0: Swinging Strike 1-1: Swinging Strike 1-2: Fielders Choice at 2nd, 6-4 (Groundball, 6, EV 83.1 MPH)
|
| Bottom of the 3rd over - 0 runs, 0 hits, 0 errors, 1 left on base; Niagara Falls 0 - Geneva 2 |
| TOP OF THE 4TH |
|
Niagara Falls Rapids batting - Pitching for Geneva Red Legs : LHP Joaquin Torres
|
|
Batting: LHB Pat Hodge
|
0-0: Called Strike 0-1: Foul Ball, location: 2F 0-2: Foul Ball, location: 2F 0-2: Foul Ball, location: 2F 0-2: Ball 1-2: Ball 2-2: Ball 3-2: SINGLE (Line Drive, 5D, EV 95.0 MPH)
|
|
Batting: RHB Luis Hidalgo
|
0-0: Called Strike 0-1: Ball 1-1: Ball 2-1: Fielders Choice at 2nd, 6-4 (Groundball, 6, EV 77.5 MPH)
|
|
Batting: LHB Joe Vavra
|
0-0: Called Strike 0-1: SINGLE (Groundball, 13S, EV 74.4 MPH) (infield hit) Luis Hidalgo to second
|
|
Batting: RHB Ronald Hunt
|
0-0: Ball 1-0: Ball 2-0: Called Strike 2-1: Ball 3-1: Fielders Choice at 2nd, 3-6 (Groundball, 34, EV 111.3 MPH) Luis Hidalgo to third
|
|
Batting: RHB Frank DeSantis
|
0-0: Called Strike 0-1: Called Strike 0-2: Strikes out looking
|
| Top of the 4th over - 0 runs, 2 hits, 0 errors, 2 left on base; Niagara Falls 0 - Geneva 2 |
| BOTTOM OF THE 4TH |
|
Geneva Red Legs batting - Pitching for Niagara Falls Rapids : RHP Gary Bowers
|
|
Batting: RHB Victor Mendoza
|
0-0: Foul Ball, location: 2F 0-1: Fly out, F9 (Flyball, 9D, EV 88.1 MPH)
|
|
Batting: RHB Ricky Velasquez
|
0-0: Ball 1-0: Ball 2-0: Swinging Strike 2-1: Ball 3-1: Foul Ball, location: 2F 3-2: Strikes out swinging
|
|
Batting: LHB Juan Araujo
|
0-0: Ball 1-0: Foul Ball, location: 2F 1-1: Foul Ball, location: 2F 1-2: Ball 2-2: Ball 3-2: Foul Ball, location: 2F 3-2: Base on Balls
|
|
Batting: RHB Danny Reyes
|
0-0: Ball Juan Araujo steals 2nd base (no throw) 1-0: Ball 2-0: Called Strike 2-1: Fly out, F9 (Flyball, 9, EV 91.9 MPH)
|
| Bottom of the 4th over - 0 runs, 0 hits, 0 errors, 1 left on base; Niagara Falls 0 - Geneva 2 |
| TOP OF THE 5TH |
|
Niagara Falls Rapids batting - Pitching for Geneva Red Legs : LHP Joaquin Torres
|
|
Batting: LHB Michael Jones
|
0-0: Swinging Strike 0-1: Foul Ball, location: 2F 0-2: Ball 1-2: Foul Ball, location: 2F 1-2: Strikes out swinging
|
|
Batting: RHB Jeff Schaefer
|
0-0: Ground out 6-3 (Groundball, 6, EV 83.8 MPH)
|
|
Batting: RHB Milo Choate
|
0-0: Ball 1-0: Ball 2-0: Ball 3-0: Base on Balls
|
|
Batting: SHB Cecil Espy
|
0-0: Fielders Choice at 2nd, 6-4 (Groundball, 6, EV 105.6 MPH)
|
| Top of the 5th over - 0 runs, 0 hits, 0 errors, 1 left on base; Niagara Falls 0 - Geneva 2 |
| BOTTOM OF THE 5TH |
|
Geneva Red Legs batting - Pitching for Niagara Falls Rapids : RHP Gary Bowers
|
|
Batting: RHB Bob Brower
|
0-0: Ball 1-0: Swinging Strike 1-1: Foul Ball, location: 2F 1-2: Strikes out swinging
|
|
Batting: LHB Orsino Hill
|
0-0: Ball 1-0: Ball 2-0: Ball 3-0: Foul Ball, location: 2F 3-1: Swinging Strike 3-2: Strikes out swinging
|
|
Batting: LHB Mike Kingery
|
0-0: Ball 1-0: Foul Ball, location: 2F 1-1: TRIPLE (Groundball, 3L, EV 101.9 MPH)
|
|
Batting: RHB Dave Keller
|
0-0: Ball 1-0: Ball 2-0: Foul Ball, location: 2F 2-1: Foul Ball, location: 2F 2-2: Foul Ball, location: 2F 2-2: Ball 3-2: DOUBLE (Line Drive, 89D, EV 111.3 MPH) Mike Kingery scores
|
|
Batting: SHB Juan Castillo
|
0-0: Called Strike 0-1: Called Strike 0-2: Ball 1-2: Foul Ball, location: 2F 1-2: Fly out, F8 (Flyball, 89D, EV 81.9 MPH)
|
| Bottom of the 5th over - 1 run, 2 hits, 0 errors, 1 left on base; Niagara Falls 0 - Geneva 3 |
| TOP OF THE 6TH |
|
Niagara Falls Rapids batting - Pitching for Geneva Red Legs : LHP Joaquin Torres
|
|
Batting: LHB Pat Hodge
|
0-0: Ball 1-0: Fly out, F7 (Flyball, 78D, EV 100.6 MPH)
|
|
Batting: RHB Luis Hidalgo
|
0-0: Ball 1-0: Called Strike 1-1: Foul Ball, location: 2F 1-2: Fly out, F4 (Popup, 4M, EV 71.9 MPH)
|
|
Batting: LHB Joe Vavra
|
0-0: SINGLE (Groundball, 34D, EV 106.9 MPH)
|
|
Batting: RHB Ronald Hunt
|
0-0: Ball 1-0: Called Strike 1-1: Called Strike 1-2: Ball 2-2: Fielders Choice at 2nd, 6-4 (Groundball, 6, EV 81.9 MPH)
|
| Top of the 6th over - 0 runs, 1 hit, 0 errors, 1 left on base; Niagara Falls 0 - Geneva 3 |
| BOTTOM OF THE 6TH |
|
Geneva Red Legs batting - Pitching for Niagara Falls Rapids : RHP Gary Bowers
|
|
Batting: RHB Victor Mendoza
|
0-0: Ball 1-0: Ball 2-0: Called Strike 2-1: Ball 3-1: SINGLE (Groundball, 34D, EV 106.3 MPH)
|
|
Batting: RHB Ricky Velasquez
|
0-0: Called Strike 0-1: Swinging Strike 0-2: Foul Ball, location: 2F 0-2: Ball 1-2: Fly out, F2 (Popup, 2RF, EV 91.3 MPH)
|
|
Batting: LHB Juan Araujo
|
0-0: Ball 1-0: Fly out, F5 (Flyball, 5D, EV 95.6 MPH)
|
|
Pitching: RHP Bill Clay
|
|
|
Batting: RHB Danny Reyes
|
0-0: Ball 1-0: Called Strike 1-1: Ball Wild Pitch! Victor Mendoza to second 2-1: Swinging Strike 2-2: Strikes out looking
|
| Bottom of the 6th over - 0 runs, 1 hit, 0 errors, 1 left on base; Niagara Falls 0 - Geneva 3 |
| TOP OF THE 7TH |
|
Niagara Falls Rapids batting - Pitching for Geneva Red Legs : LHP Joaquin Torres
|
|
Batting: RHB Frank DeSantis
|
0-0: Ball 1-0: SINGLE (Groundball, 6MD, EV 95.0 MPH)
|
|
Batting: LHB Michael Jones
|
0-0: Bunted foul 0-1: Reached on error, E1 (Groundball, 15, EV 43.8 MPH) Frank DeSantis to second
|
|
Batting: RHB Jeff Schaefer
|
0-0: Bunted foul 0-1: Sac Bunt to 2L - play at third, runner OUT! 2-6 Michael Jones to second
|
|
Batting: RHB Milo Choate
|
0-0: Ball 1-0: Ball 2-0: Ball 3-0: Called Strike 3-1: Grounds into double play, 6-4-3 (Groundball, 6, EV 85.0 MPH)
|
| Top of the 7th over - 0 runs, 1 hit, 1 error, 1 left on base; Niagara Falls 0 - Geneva 3 |
| BOTTOM OF THE 7TH |
|
Geneva Red Legs batting - Pitching for Niagara Falls Rapids : RHP Bill Clay
|
|
Batting: RHB Bob Brower
|
0-0: Ball 1-0: Called Strike 1-1: Ball 2-1: Ball 3-1: Foul Ball, location: 2F 3-2: Strikes out swinging
|
|
Batting: LHB Orsino Hill
|
0-0: Swinging Strike 0-1: Foul Ball, location: 2F 0-2: Ball 1-2: Ball 2-2: SINGLE (Line Drive, 8LS, EV 100.6 MPH)
|
|
Batting: LHB Mike Kingery
|
0-0: Ball Orsino Hill is caught stealing 2nd base 2-6 1-0: Ball 2-0: Ball 3-0: Base on Balls
|
|
Batting: RHB Dave Keller
|
0-0: Ball 1-0: Ball 2-0: Called Strike 2-1: Ball 3-1: Ground out 5-3 (Groundball, 56, EV 78.1 MPH)
|
| Bottom of the 7th over - 0 runs, 1 hit, 0 errors, 1 left on base; Niagara Falls 0 - Geneva 3 |
| TOP OF THE 8TH |
|
Niagara Falls Rapids batting - Pitching for Geneva Red Legs : LHP Joaquin Torres
|
|
Now at 3B: Louis Sottile
|
|
|
Batting: SHB Cecil Espy
|
0-0: Ball 1-0: Swinging Strike 1-1: Called Strike 1-2: Ball 2-2: Ball 3-2: Ground out 6-3 (Groundball, 6, EV 91.3 MPH)
|
|
Batting: LHB Pat Hodge
|
0-0: Ball 1-0: Foul Ball, location: 2F 1-1: Ball 2-1: Foul Ball, location: 2F 2-2: Ball 3-2: Strikes out looking
|
|
Batting: RHB Luis Hidalgo
|
0-0: Ball 1-0: Fly out, F8 (Flyball, 8RM, EV 93.8 MPH)
|
| Top of the 8th over - 0 runs, 0 hits, 0 errors, 0 left on base; Niagara Falls 0 - Geneva 3 |
| BOTTOM OF THE 8TH |
|
Geneva Red Legs batting - Pitching for Niagara Falls Rapids : RHP Bill Clay
|
|
Batting: SHB Juan Castillo
|
0-0: Ball 1-0: Foul Ball, location: 2F 1-1: Ball 2-1: Swinging Strike 2-2: SINGLE (Groundball, 6M, EV 78.8 MPH) (infield hit)
|
|
Batting: RHB Victor Mendoza
|
0-0: Ball 1-0: Fly out, F9 (Flyball, 9, EV 86.9 MPH)
|
|
Batting: RHB Ricky Velasquez
|
0-0: Ball 1-0: Ball 2-0: Called Strike 2-1: Ball 3-1: Foul Ball, location: 2F 3-2: Foul Ball, location: 2F 3-2: Foul Ball, location: 2F 3-2: SINGLE (Groundball, 6MD, EV 100.6 MPH) Juan Castillo to second Juan Castillo to third
|
|
Pitching: LHP Keith Walker
|
|
|
Batting: LHB Juan Araujo
|
0-0: Ball 1-0: Called Strike 1-1: Swinging Strike 1-2: Fielders Choice at 2nd, 6-4 (Groundball, 6, EV 98.1 MPH) Juan Castillo scores
|
|
Batting: RHB Danny Reyes
|
0-0: Called Strike 0-1: Ball 1-1: Ball 2-1: Foul Ball, location: 2F 2-2: Ball 3-2: Base on Balls Juan Araujo to second
|
|
Batting: RHB Bob Brower
|
0-0: Called Strike 0-1: Ball 1-1: Foul Ball, location: 2F 1-2: Fielders Choice at 2nd, 6-4 (Groundball, 6, EV 82.5 MPH)
|
| Bottom of the 8th over - 1 run, 2 hits, 0 errors, 2 left on base; Niagara Falls 0 - Geneva 4 |
| TOP OF THE 9TH |
|
Niagara Falls Rapids batting - Pitching for Geneva Red Legs : LHP Joaquin Torres
|
|
Batting: LHB Joe Vavra
|
0-0: Fly out, F8 (Flyball, 78XD, EV 105.0 MPH)
|
|
Batting: RHB Ronald Hunt
|
0-0: Swinging Strike 0-1: Called Strike 0-2: Reached on error, E5 (Groundball, 5, EV 100.0 MPH)
|
|
Batting: RHB Frank DeSantis
|
0-0: Ground out 3-1 (Groundball, 3L, EV 96.9 MPH) Ronald Hunt to second
|
|
Batting: LHB Michael Jones
|
0-0: Called Strike 0-1: Foul Ball, location: 2F 0-2: Foul Ball, location: 2F 0-2: SINGLE (Groundball, 4D, EV 98.1 MPH) Ronald Hunt to third
|
|
Batting: RHB Jeff Schaefer
|
0-0: Ball 1-0: Ball 2-0: Swinging Strike 2-1: Called Strike 2-2: Strikes out swinging
|
| Top of the 9th over - 0 runs, 1 hit, 1 error, 2 left on base; Niagara Falls 0 - Geneva 4 |
|